 Dungeon Crawl Stone Soup version 0.22-a0-406-g9ff8d77 (webtiles) character file.

1064 Borgoz the Skirmisher (level 8, 0/49 HPs)
             Began as a Gargoyle Abyssal Knight on May 8, 2018.
             Was a Believer of Lugonu.
             Slain by an ogre
             ... wielding a +0 giant club
              (7 damage)
             ... on level 5 of the Dungeon.
             The game lasted 00:09:59 (5383 turns).

Borgoz the Skirmisher (Gargoyle Abyssal Knight)     Turns: 5383, Time: 00:10:00

Health: 0/49       AC: 14    Str: 16    XL:     8   Next: 27%
Magic:  10/11      EV: 12    Int: 13    God:    Lugonu [**....]
Gold:   194        SH:  0    Dex: 11    Spells: 7/7 levels left

rFire    . . .     SeeInvis .   a - +0 hand axe (chop)
rCold    . . .     Gourm    .   (no shield)
rNeg     + . .     Faith    .   d - +0 ring mail
rPois    ∞         Spirit   .   h - +0 helmet
rElec    +         Reflect  .   (no cloak)
rCorr    .         Harm     .   (no gloves)
MR       .....                  f - +0 pair of boots
Stlth    +.........             p - amulet of the acrobat
HPRegen  0.16/turn              (no ring)
MPRegen  0.12/turn              (no ring)

@: no status effects
A: negative energy resistance 1, electricity resistance, unbreathing,
petrification resistance, rot immunity, AC +5
a: Depart the Abyss, Bend Space, Renounce Religion


You were on level 5 of the Dungeon.
You worshipped Lugonu.
Lugonu was pleased with you.
You were not hungry.

You visited 2 branches of the dungeon, and saw 7 of its levels.
You visited the Abyss 1 time.

You collected 194 gold pieces.

Inventory:

Hand Weapons
 a - a +0 hand axe of chopping (weapon)
 b - a +0 flail of venom
Armour
 d - a +0 ring mail (worn)
 f - a +0 pair of boots (worn)
 h - a +0 helmet (worn)
Jewellery
 p - an amulet of the acrobat (around neck)
 y - a cursed -2 ring of intelligence {unknown}
 z - a +3 ring of slaying {unknown}
Wands
 o - a wand of enslavement (10)
 q - a wand of random effects (17)
Scrolls
 e - a scroll of enchant weapon
 g - 4 scrolls of enchant armour {unknown}
 j - a scroll of teleportation {unknown}
 k - 2 scrolls of magic mapping {unknown}
 l - 2 scrolls of remove curse
 m - 2 scrolls of blinking
 n - a scroll of fog
 s - 2 scrolls of fear
 t - a scroll of identify
 B - a scroll of immolation {unknown}
Potions
 i - 4 potions of haste
 r - a potion of lignification
 u - 2 potions of curing
 v - a potion of magic
 w - 2 potions of ambrosia
 x - a potion of brilliance
 A - a potion of might
 C - a potion of flight
Comestibles
 c - 12 rations


   Skills:
 + Level 5.3 Fighting
 * Level 5.2 Axes
 + Level 4.6 Armour
 + Level 3.1 Dodging
 + Level 4.5 Invocations


You had 7 spell levels left.
You didn't know any spells.

Dungeon Overview and Level Annotations

Branches:
Dungeon (6/15)             Temple (1/1) D:5

Altars:
Ashenzari
Dithmenos
Elyvilon
Fedhas
Gozag
Hepliaklqana
Kikubaaqudgha
Makhleb
Nemelex Xobeh
Okawaru
Ru
Sif Muna
Trog
Uskayaw
Wu Jian
Xom
The Shining One

Shops:
D:5 [


Innate Abilities, Weirdness & Mutations

You are resistant to torment.
Your stone body is resilient. (AC +5)
You are immune to poison.
You resist negative energy. (rN+)
You are resistant to electric shocks. (rElec)
You can survive without breathing.
You are immune to petrification.
You are immune to rotting.


Message History

The ogre barely misses you. The ogre hits you with a giant club!!
* * * LOW HITPOINT WARNING * * *
There is an open door, spattered with blood here.
The ogre hits you but does no damage. Space bends around you!
You blink.
Okay, then.
Space bends around you!
You blink.
There is an open door, spattered with blood here.
There's a creature in the doorway!
You slash the ogre!
The ogre is moderately wounded.
The ogre hits you but does no damage.
You slash the ogre!
The ogre is severely wounded.
The ogre misses you.
You closely miss the ogre.
The ogre is severely wounded.
The ogre hits you with a giant club!
You die...

### #.#######.## #.. #
###..........# #.# .#
##.#.###.###..# #.# .####....#
#.# #<.#
#####.###...##.....###.###[)#
#........................[..#
#......#.####.#..........##
#..###..# #(#######.....##
#..###.# #@# #..###..# # #....#.#
##O## ###.## ##.### #.##.##.#.#
##...###...# #...#
#.........####.....#..### ###..
####.#..#..##........## #+#..##.
#.................# +.'...#.
####.....♣.♣.........## ##.##.##.
..........>...........###.#.# #..
.#####...♣.♣........#.....#.....#


You could see an ogre.

Vanquished Creatures
  The ghost of Borgoz the Skirmisher, a novice GrAK of Lugonu (D:5)
  A phantom (D:4)
  A jelly (D:5)
  2 crimson imps (D:5)
  4 hounds
  3 orc priests
  3 orc wizards
  4 iguanas
  4 worker ants
  A hound zombie (D:5)
  An adder (D:3)
  An ooze (D:1)
  An adder zombie (D:4)
  A worm (D:1)
  2 dart slugs
  5 leopard geckos
  17 orcs
  3 giant cockroaches
  8 goblins
  3 hobgoblins
  A quokka (D:5)
  2 ball pythons (D:1)
  6 bats
  4 frilled lizards
  10 kobolds
  6 rats
  2 butterflies (D:3)
97 creatures vanquished.

Notes
Turn   | Place    | Note
-------+----------+-------------------------------------------
     0 | Abyss:1  | Borgoz the Gargoyle Abyssal Knight began the quest for the Orb.
     0 | Abyss:1  | Reached XP level 1. HP: 14/14 MP: 2/2
    66 | Abyss:1  | Noticed a tentacled starspawn
   106 | Abyss:1  | Noticed an ice beast
   115 | Abyss:1  | Noticed a small abomination
   116 | Abyss:1  | Noticed a raiju
   117 | Abyss:1  | Noticed a small abomination
   121 | D:1      | Escaped the Abyss
   359 | D:1      | Reached * piety under Lugonu
   448 | D:1      | Reached skill level 1 in Dodging
   448 | D:1      | Reached XP level 2. HP: 19/19 MP: 3/3
   764 | D:1      | Reached XP level 3. HP: 22/23 MP: 4/4
  1540 | D:2      | Reached XP level 4. HP: 29/29 MP: 5/5
  1961 | D:3      | Found a shimmering altar of Xom.
  2153 | D:3      | Reached XP level 5. HP: 12/33 MP: 7/7
  2381 | D:3      | Found a deep blue altar of Sif Muna.
  2686 | D:4      | Found a blossoming altar of Fedhas.
  2724 | D:4      | Reached ** piety under Lugonu
  2851 | D:4      | Noticed a phantom
  2892 | D:4      | Killed a phantom
  2892 | D:4      | Reached XP level 6. HP: 29/38 MP: 8/8
  3552 | D:5      | Entered Level 5 of the Dungeon
  3585 | D:5      | Reached XP level 7. HP: 37/44 MP: 9/9
  3948 | D:5      | Found Cinuneth's Antique Armour Emporium.
  4120 | D:5      | Found an ornate altar of the Wu Jian Council.
  4715 | D:5      | Reached skill level 5 in Fighting
  4997 | D:5      | Noticed Borgoz's ghost (novice GrAK)
  5011 | D:5      | Killed Borgoz's ghost
  5011 | D:5      | Reached skill level 5 in Axes
  5011 | D:5      | Reached XP level 8. HP: 44/49 MP: 11/11
  5096 | D:5      | Found a staircase to the Ecumenical Temple.
  5120 | Temple   | Entered the Ecumenical Temple
  5383 | D:5      | Slain by an ogre

Vault maps used:
D:1:      evilmike_arrival_run_for_it
D:2:      due_unseen_surprise
D:3:      xom_butterflies, marbit_many_paths
D:4:      first_ration, fedhas_altar_2
D:5:      lemuel_round_altar, minmay_temple_entry_trees, serial_shops,
          nicolae_shop_overgrown_old_shop, nemelex_dance_club_becter
D:6:      uniq_blork_the_orc
Temple:   dpeg_chambers_temple
Abyss:1:  hangedman_abyss_river_spirits

Skill      XL: |  1  2  3  4  5  6  7 |
---------------+----------------------+-----
Axes           | 2 3 4 5 |  5.2
Dodging        | 1 2 3 |  3.1
Armour         | 3 4 |  4.6
Fighting       | 4 5 |  5.3
Invocations    | 3 4 |  4.5

Action                   |  1- 3 |  4- 6 |  7- 9 || total
-------------------------+-------+-------+-------++-------
Melee: Hand axe          |   101 |   206 |   150 ||   457
Invok: Depart the Abyss  |     1 |       |       ||     1
       Bend Space        |       |       |     2 ||     2
Evoke: Wand              |       |     1 |     2 ||     3
  Use: Potion            |     1 |     1 |     3 ||     5
       Scroll            |       |     8 |     1 ||     9
  Eat: Chunk             |     2 |     7 |     4 ||    13
       Ration            |       |       |     1 ||     1
Armor: Ring mail         |    70 |    93 |    69 ||   232
Dodge: Dodged            |    58 |   115 |    92 ||   265

Table legend:
 A = Spawn XP
 B = Non-spawn XP
 C = Spawn XP percentage of total XP
 D = Spawn monster count
 E = Non-spawn monster count
 F = Spawn count percentage of total count
 G = Total turns spent on level
                    A         B        C        D         E        F      G
               +---------+---------+-------+---------+---------+-------+---------
         Total |       0 |    1520 |   0.0 |       0 |      95 |   0.0 |  5383
               +---------+---------+-------+---------+---------+-------+---------
           D:1 |       0 |      50 |   0.0 |       0 |      27 |   0.0 |  1273
           D:2 |       0 |      56 |   0.0 |       0 |       9 |   0.0 |   452
           D:3 |       0 |     164 |   0.0 |       0 |      19 |   0.0 |   967
           D:4 |       0 |     411 |   0.0 |       0 |      15 |   0.0 |  1050
           D:5 |       0 |     766 |   0.0 |       0 |      22 |   0.0 |  1050
           D:6 |       0 |      73 |   0.0 |       0 |       3 |   0.0 |   258
               +---------+---------+-------+---------+---------+-------+---------
